 Dungeon Crawl Stone Soup version 0.27.0-1-g7a089689b8 (webtiles) character file.

Game seed: 1809294417512242474

6 SnakkuSnakku7 the Grave Robber (level 1, -3/15 HPs)
             Began as a Merfolk Necromancer on Aug 7, 2021.
             Slain by a goblin (4 damage)
             ... on level 1 of the Dungeon.
             The game lasted 00:00:25 (310 turns).

SnakkuSnakku7 the Grave Robber (Merfolk Necromancer) Turns: 310, Time: 00:00:26

Health: -3/15      AC:  2    Str:  8    XL:     1   Next: 90%
Magic:  2/3        EV: 12    Int: 14    God:
Gold:   23         SH:  0    Dex: 14    Spells: 3/4 levels left

rFire    . . .     SeeInvis .   c - +0 short sword
rCold    . . .     Faith    .   (no shield)
rNeg     . . .     Spirit   .   a - +0 robe
rPois    .         Reflect  .   (no helmet)
rElec    .         Harm     .   (no cloak)
rCorr    .         Rampage  .   (no gloves)
Will     .....                  (no boots)
Stlth    ++........             (no amulet)
HPRegen  0.05/turn              (no ring)
MPRegen  0.08/turn              (no ring)

@: no status effects
A: (nimble swimmer 2), mertail
a: no special abilities


You were on level 1 of the Dungeon.
You visited 1 branch of the dungeon, and saw 1 of its levels.

You collected 23 gold pieces.

Inventory:

Hand Weapons
 b - a +0 dagger
 c - a +0 short sword (weapon)
Armour
 a - a +0 robe (worn)


   Skills:
 + Level 1.5 Fighting
 - Level 2.6 Dodging
 - Level 2.1 Stealth
 - Level 2.0 Spellcasting
 - Level 3.2 Necromancy


You had 3 spell levels left.
You knew the following spells:

 Your Spells              Type           Power      Damage    Failure   Level
a - Pain                  Necr           40%        1d6       6%          1

Your spell library contained the following spells:

 Spells                   Type           Power      Damage    Failure   Level
 Animate Skeleton         Necr           20%        N/A       6%          1
 Vampiric Draining        Necr           5%         2d6       19%         3
 Animate Dead             Necr           5%         N/A       52%         4
 Agony                    Necr           10%        N/A       86%         5


Dungeon Overview and Level Annotations

Branches:
Dungeon (1/15)

Altars:


Innate Abilities, Weirdness & Mutations

((You are quick and stealthy near water. (Stealth+, EV+, Speed+++)))
Your lower body shifts to a powerful aquatic tail in water.


Message History

You hit the giant cockroach but do no damage.
The bat closely misses you. The giant cockroach misses you.
You hit the giant cockroach.
The giant cockroach is heavily wounded.
The bat barely misses you. The giant cockroach closely misses you.
You barely miss the giant cockroach.
The giant cockroach is heavily wounded.
The giant cockroach bites you. The bat hits you but does no damage.
The giant cockroach bites you but does no damage.
You hit the giant cockroach.
You kill the giant cockroach!
The goblin shouts!
The bat hits you but does no damage. x2
You barely miss the bat. The bat hits you but does no damage.
The goblin closely misses you.
You hit the bat.
The bat is heavily wounded.
The bat hits you. The goblin hits you with a +0 club.
You are too injured to fight recklessly!
You hit the goblin.
The goblin is moderately wounded.
The bat hits you. The goblin hits you with a +0 club.
* * * LOW HITPOINT WARNING * * *
The goblin barely misses you.
You hit the goblin but do no damage.
The goblin is moderately wounded.
The bat closely misses you. The goblin hits you with a +0 club.
* * * LOW HITPOINT WARNING * * *
You hit the goblin.
The goblin is heavily wounded.
The bat hits you but does no damage. The goblin hits you but does no damage.
Casting: Pain (safe; 6% risk of failure)
Confirm with . or Enter, or press ? or * to list all spells.
Aiming: Pain (safe; 6% risk of failure)
Press: ? - help, Shift-Dir - straight line, f - bat
Aim: a bat (moderately wounded, chance to affect: 78%)
The bat writhes in agony.
You kill the bat!
The goblin hits you with a +0 club.
You die...

#..## ##..#
##. ##.# #..
##.######...
#.......#.##
#..........#
#........#.#
#......g##
#.....@.#
#......†#
.........#
###........
#.......##
#$......#
#########


You could see a goblin.

Vanquished Creatures
  2 bats (D:1)
  A giant cockroach (D:1)
  A hobgoblin (D:1)
  A ball python (D:1)
  A frilled lizard (D:1)
  A kobold (D:1)
7 creatures vanquished.

Notes
Turn   | Place    | Note
-------+----------+-------------------------------------------
     0 | D:1      | SnakkuSnakku7 the Merfolk Necromancer began the quest for
                  | the Orb.
     0 | D:1      | Reached XP level 1. HP: 13/13 MP: 3/3
    87 | D:1      | Reached skill level 1 in Fighting
   310 | D:1      | Slain by a goblin

Illustrated notes

Levels and vault maps discovered:
D:1:      dpeg_arrival_rhombus, layout_rooms,
          hellmonk_ecumenical_altar_arch_garden

Skill      XL: |  1 |
---------------+----+-----
Fighting       | 1 |  1.5
Dodging        | |  2.6
Stealth        | |  2.1
Spellcasting   | |  2.0
Necromancy     | |  3.2

Action                   || total
-------------------------++-------
Melee: Short sword       ||    12
       Dagger            ||     2
 Cast: Pain              ||     7
 Stab: Sleeping          ||     1
Armor: Robe              ||     8
Dodge: Dodged            ||    14
